 Dungeon Crawl Stone Soup version 0.28-a0-1130-gc51a68064b (webtiles) character file.

Game seed: 1950751118320547023

2 SensoryNuts the Grave Robber (level 1, 0/13 HPs)
             Began as a Demonspawn Necromancer on Dec 12, 2021.
             Slain by a goblin (4 damage)
             ... on level 1 of the Dungeon.
             The game lasted 00:00:07 (32 turns).

SensoryNuts the Grave Robber (Demonspawn Necromancer) Turns: 32, Time: 00:00:08

Health: 0/13       AC:  2    Str:  8    XL:     1   Next: 25%
Magic:  3/3        EV: 12    Int: 16    God:
Gold:   0          SH:  0    Dex: 13    Spells: 3/4 levels left

rFire   . . .      SeeInvis .   (no weapon)
rCold   . . .      Faith    .   (no shield)
rNeg    . . .      Spirit   .   a - +0 robe
rPois   .          Reflect  .   (no helmet)
rElec   .          Harm     .   (no cloak)
rCorr   .          Rampage  .   (no gloves)
Will    .....                   (no boots)
Stlth   ++........              (no amulet)
HPRegen 0.04/turn               (no ring)
MPRegen 0.08/turn               (no ring)

@: no status effects
A: no striking features
a: no special abilities


You were on level 1 of the Dungeon.
You visited 1 branch of the dungeon, and saw 1 of its levels.

Inventory:

Armour
 a - a +0 robe (worn)


   Skills:
 + Level 1.7 Dodging
 + Level 1.7 Stealth
 + Level 2.0 Spellcasting
 + Level 4.5 Necromancy


You had 3 spell levels left.
You knew the following spells:

 Your Spells              Type           Power      Damage    Failure   Level
a - Pain                  Necr           64%        1d7       3%          1

Your spell library contained the following spells:

 Spells                   Type           Power      Damage    Failure   Level
 Animate Skeleton         Necr           32%        N/A       3%          1
 Vampiric Draining        Necr           16%        2d7       10%         3
 Animate Dead             Necr           8%         N/A       32%         4
 Agony                    Necr           16%        N/A       65%         5


Dungeon Overview and Level Annotations

Branches:
Dungeon (1/15)

Altars:


Message History

No target in view!
No target in view!
A quokka and a goblin come into view.
There are monsters nearby!
There are monsters nearby!
A jackal and a kobold come into view.
The goblin shouts!
The kobold shouts!
A jackal comes into view.
You miss the goblin.
The jackal barks!
You closely miss the goblin. The goblin hits you but does no damage.
You barely miss the jackal. The goblin hits you with a +0 club.
The jackal barely misses you.
You completely miss the jackal. The goblin closely misses you.
The jackal bites you.
You hit the kobold.
The kobold is heavily wounded.
The jackal barely misses you. The goblin hits you with a +0 club.
The kobold hits you with a +0 dagger.
The jackal bites you but does no damage.
The jackal closely misses you.
You hit the kobold but do no damage.
The kobold is heavily wounded.
The goblin barely misses you. The jackal barely misses you.
The jackal closely misses you. The kobold hits you with a +0 dagger.
You are too injured to fight recklessly!
You are too injured to fight recklessly!
You are too injured to fight recklessly!
You are too injured to fight recklessly!
You hit the kobold.
You kill the kobold!
The jackal closely misses you. The jackal barely misses you.
The goblin misses you. The jackal misses you.
The jackal bites you but does no damage.
The goblin hits you with a +0 club.
Things that are here:
a +0 dagger; 4 stones; a kobold corpse The goblin hits you with a +0 club.
You die...

#####
.....###########
...............# r
.......@g..###.#.#
........)..#...#.
.....#.hh..#.#..
.... ##......#.#
### #......#.#
#........#
##.###...#.#
#.........#
#######..†#######


You could see 2 jackals and a goblin.

Vanquished Creatures
  A kobold (D:1)
  A bat (D:1)
2 creatures vanquished.

Notes
Turn   | Place    | Note
-------+----------+-------------------------------------------
     0 | D:1      | SensoryNuts the Demonspawn Necromancer began the quest for
                  | the Orb.
     0 | D:1      | Reached XP level 1. HP: 13/13 MP: 3/3
    32 | D:1      | Slain by a goblin

Illustrated notes

Levels and vault maps discovered:
D:1:      dpeg_arrival_houses_and_road, layout_basic, basic_ecumenical_altar

Action                   || total
-------------------------++-------
Melee: Unarmed           ||    12
Armor: Robe              ||     5
Dodge: Dodged            ||    17

Table legend: (Time is in decaauts)
 A = Elapsed time spent in this place.
 B = Non-inter-level travel time spent in this place.
 C = Inter-level travel time spent in this place.
 D = Time resting spent in this place.
 E = Time spent auto-exploring this place.
 F = Levels seen in this place.
 G = Mean time per level.
                   A        B        C        D        E       F      G
               +--------+--------+--------+--------+--------+-----+--------+
         Total |     32 |     32 |      0 |      0 |     10 |   1 |   32.0 |
       Dungeon |     32 |     32 |      0 |      0 |     10 |   1 |   32.0 |
               +--------+--------+--------+--------+--------+-----+--------+

Top non-repeatable levels by time:
     D:1: 32 daAuts
